 Dungeon Crawl Stone Soup version 0.27.1-35-g4d5d836560 (webtiles) character file.

Game seed: 9642981231433990965

7 cbfl8 the Sneak (level 1, 0/20 HPs)
             Began as a Minotaur Delver on Mar 19, 2022.
             Slain by a kobold (1 damage)
             ... on level 5 of the Dungeon.
             The game lasted 00:00:10 (43 turns).

cbfl8 the Sneak (Minotaur Delver)                     Turns: 43, Time: 00:00:11

Health: 0/20       AC:  3    Str: 16    XL:     1   Next: 83%
Magic:  0/0        EV: 11    Int:  7    God:
Gold:   0          SH:  0    Dex: 11    Spells: 0/0 levels left

rFire    . . .     SeeInvis .   a - +0 hand axe
rCold    . . .     Faith    .   (no shield)
rNeg     . . .     Spirit   .   b - +0 leather armour
rPois    .         Reflect  .   (helmet restricted)
rElec    .         Harm     .   (no cloak)
rCorr    .         Rampage  .   (no gloves)
Will     .....                  (no boots)
Stlth    ++........             (no amulet)
HPRegen  0.06/turn              (no ring)
MPRegen  0.07/turn              (no ring)

@: no status effects
A: horns 2, retaliatory headbutt
a: no special abilities


You were on level 5 of the Dungeon.
You visited 1 branch of the dungeon, and saw 1 of its levels.

Inventory:

Hand Weapons
 a - a +0 hand axe (weapon)
Armour
 b - a +0 leather armour (worn)
Wands
 g - a wand of digging (3)
Scrolls
 c - a scroll of fog
 d - a scroll of magic mapping
 e - a scroll of fear
 h - a scroll of noise {unknown}
Potions
 f - a potion of haste


   Skills:
 + Level 3.7 Fighting
 + Level 2.7 Axes
 + Level 2.2 Dodging
 + Level 4.3 Stealth


You couldn't memorise any spells.
You didn't know any spells.
Your spell library was empty.

Dungeon Overview and Level Annotations

Branches:
Dungeon (5/15)
 Temple: D:4-7

Altars:


Innate Abilities, Weirdness & Mutations

You have a pair of horns on your head.
You reflexively headbutt those who attack you in melee.


Message History

You kill the orc!
You closely miss the kobold. You barely miss the kobold.
You hit the kobold but do no damage.
The kobold hits you with a +0 short sword.
The kobold hits you with a +0 club.
You closely miss the kobold. You hit the kobold.
The kobold hits you with a +0 short sword.
The kobold hits you with a +0 club.
You hit the kobold but do no damage. Your headbutt misses the kobold.
You barely miss the kobold. The kobold hits you but does no damage.
The kobold barely misses you.
You hit the kobold. Your headbutt misses the kobold.
The kobold is severely wounded.
You miss the kobold. The kobold hits you with a +0 club.
The kobold hits you with a +0 short sword.
You hit the goblin.
You kill the goblin!
You closely miss the kobold. You hit the kobold. The kobold barely misses you.
You furiously retaliate!
You headbutt the kobold.
You kill the kobold!
The kobold hits you with a +0 short sword.
The kobold barely misses you.
Items here: (( )) †.
You barely miss the kobold. Your headbutt misses the kobold.
The kobold is severely wounded.
You barely miss the kobold. The kobold closely misses you.
The kobold hits you with a +0 short sword.
The kobold hits you with a +0 club.
* * * LOW HITPOINT WARNING * * *
You barely miss the kobold.
The kobold is severely wounded.
You completely miss the kobold.
The kobold hits you with a +0 short sword.
* * * LOW HITPOINT WARNING * * *
The kobold barely misses you. You furiously retaliate!
You headbutt the kobold!
You kill the kobold!
You closely miss the kobold. Your headbutt misses the kobold.
The kobold is severely wounded.
The kobold hits you with a +0 short sword.
You die...

...####..#
#........#
#.....P..##
##.####...# #
#..#.P.#
#..'...#
#####..#+##.#
#...)K......#
#...#@......#
#.. #..####.#
## #..# .
...# ...#
#...P .....
..##.#


You could see a kobold.

Vanquished Creatures
  An orc (D:5)
  A goblin (D:5)
  3 kobolds (D:5)
5 creatures vanquished.

Notes
Turn   | Place    | Note
-------+----------+-------------------------------------------
     0 | D:5      | cbfl8 the Minotaur Delver began the quest for the Orb.
     0 | D:5      | Reached XP level 1. HP: 19/19 MP: 0/0
    42 | D:5      | HP: 1/20 [kobold (5)]
    43 | D:5      | Slain by a kobold

Illustrated notes

Levels and vault maps discovered:
D:5:      corexii_shack_village, layout_cave_pools, grunt_gozag_breadcrumbs,
          minmay_misc_feat_iff

Action                   || total
-------------------------++-------
Melee: Hand axe          ||    12
       Headbutt          ||     2
Armor: Leather armour    ||     1
Dodge: Dodged            ||     5
